 Dungeon Crawl Stone Soup version 0.23-a0-108-gf7ee2ed (webtiles) character file.

145130 galech the Severer (level 16, -1/132 HPs)
             Began as a Demonspawn Berserker on Aug 21, 2018.
             Was an Elder of Trog.
             Blown up by a lich (17 damage)
             ... with a wavering orb of destruction
             ... on level 1 of the Depths.
             The game lasted 01:17:29 (33241 turns).

galech the Severer (Demonspawn Berserker)          Turns: 33241, Time: 01:17:30

Health: -1/132     AC: 28    Str: 18    XL:     16   Next: 86%
Magic:  0/16       EV: -3    Int: 17    God:    Trog [****..]
Gold:   1014       SH: 13    Dex: 18    Spells: 15/15 levels left

rFire    . . .     SeeInvis +   F - +4 broad axe of Trog's Delight {drain, +Fly}
rCold    + . .     Gourm    .   O - +2 large shield
rNeg     . . .     Faith    .   q - +8 orange crystal plate armour {Archmagi, Int+3 Clar}
rPois    .         Spirit   +   (helmet restricted)
rElec    .         Reflect  .   (no cloak)
rCorr    +         Harm     .   b - +0 pair of gloves
MR       ++++.     Clarity  +   h - +0 pair of boots
Stlth    ..........             (no amulet)
HPRegen  1.32/turn              M - ring of protection from cold
MPRegen  0.15/turn              u - ring of see invisible

@: regenerating, extremely drained
A: horns 1, yellow scales 3, clever 2, magic resistance 1, powered by pain 2,
screaming 1, evolution 1, magic shield
a: Berserk, Trog's Hand, Brothers in Arms, Renounce Religion, Evoke Flight


You were on level 1 of the Depths.
You worshipped Trog.
Trog was greatly pleased with you.
You were not hungry.

You visited 5 branches of the dungeon, and saw 25 of its levels.
You visited the Abyss 1 time.
You also visited: Labyrinth, Sewer and Ice Cave.

You collected 2828 gold pieces.
You spent 1814 gold pieces at shops.

Inventory:

Hand Weapons
 f - a +7 executioner's axe of chopping
 F - the +4 broad axe of Trog's Delight (weapon) {drain, +Fly}
   (Trog gifted it to you on level 13 of the Dungeon)

   A truly terrible weapon, it drains the life of those it strikes.
   It lets you fly.
Armour
 b - a +0 pair of gloves (worn)
 h - a +0 pair of boots (worn)
 j - the +5 scale mail "Mist" {rPois rF+ Slay+3 Stlth+}
   (You found it on level 5 of the Lair of Beasts)

   It affects your accuracy and damage with ranged weapons and melee attacks
   (+3).
   It protects you from fire.
   It protects you from poison.
   It makes you more stealthy.
 q - the +8 orange crystal plate armour (worn) {Archmagi, Int+3 Clar}
   (You bought it in a shop on level 11 of the Dungeon)

   It affects your intelligence (+3).
   It protects you against confusion.
 E - the +5 ring mail of Somewhere Else {rPois rN+++ Regen+ Str-3}
   (You found it in a sewer)

   It affects your strength (-3).
   It protects you from poison.
   It renders you almost immune to negative energy.
   It increases your rate of regeneration.
 O - a +2 large shield (worn)
Jewellery
 p - an uncursed ring of magical power {unknown}
 u - a ring of see invisible (right hand)
 v - an uncursed ring of flight
 D - a +3 ring of dexterity
 M - a ring of protection from cold (left hand)
 N - an uncursed ring of protection from cold
Wands
 H - a wand of paralysis (9)
 L - a wand of disintegration (13)
 Q - a wand of flame (17)
 T - a wand of enslavement (8)
 U - a wand of digging (39)
 V - a wand of scattershot (5)
Scrolls
 a - 5 scrolls of fear
 d - 3 scrolls of immolation
 k - a scroll of torment
 m - 3 scrolls of identify
 n - a scroll of blinking
 o - a scroll of teleportation
 s - 7 scrolls of magic mapping
 w - 3 scrolls of enchant weapon
 y - 4 scrolls of remove curse
 z - 3 scrolls of enchant armour
 P - a scroll of vulnerability
Potions
 e - 2 potions of curing
 g - 3 potions of flight
 i - 3 potions of lignification
 l - 3 potions of mutation
 r - 3 potions of agility
 t - 4 potions of brilliance
 A - 3 potions of cancellation
 B - 3 potions of invisibility
 C - 3 potions of berserk rage {unknown}
 I - 2 potions of haste {unknown}
 J - 5 potions of might
 K - 4 potions of ambrosia
 W - 2 potions of degeneration
Miscellaneous
 R - a phial of floods
 X - a phantom mirror
Comestibles
 c - 30 rations


   Skills:
 + Level 13.7(0.0) Fighting
 + Level 18.6(3.2) Axes
 + Level 10.6(0.0) Armour
 + Level 8.8(0.0) Dodging
 + Level 5.6(0.0) Stealth
 + Level 8.4(0.0) Shields
 + Level 0.6(0.0) Unarmed Combat


You had 15 spell levels left.
You didn't know any spells.
Your spell library was empty.

Dungeon Overview and Level Annotations

Branches:
Dungeon (15/15)            Temple (0/1) D:7            Lair (6/6) D:10
  Swamp (0/4) Lair:3        Snake (0/4) Lair:2        Slime (0/5) Lair:6
    Orc (2/2) D:12            Elf (1/3) Orc:2        Vaults (0/5) D:14
 Depths (1/5) D:15

Altars:
Ashenzari
Elyvilon
Fedhas
Hepliaklqana
Makhleb
Nemelex Xobeh
Okawaru
Qazlal
Ru
Sif Muna
Trog
Uskayaw
Vehumet
Zin
Beogh

Shops:
D:7 [   D:9 =   D:10 =   D:11 [   Orc:2 (?[**

Portals:
Abyss: Depths:1


Innate Abilities, Weirdness & Mutations

You have a pair of small horns on your head.
You are completely covered in yellow scales. (AC +4, rCorr)
You sometimes gain power by taking damage.
When hurt, damage is shared between your health and your magic reserves.
Your mind is very acute. (Int +4)
You are resistant to hostile enchantments. (MR+)
You occasionally shout uncontrollably at your foes.
You evolve.


Message History

You focus on the pain.
You feel your power returning.
The lich touches you but does no damage.
You recover from your berserk rage.
The lich touches you but does no damage.
You can move again.
Your skin crawls.
You feel resistant to hostile enchantments.
You feel somewhat more hungry. The lich casts a spell at you.
The bolt of lightning hits you!
* * * LOW HITPOINT WARNING * * *
You block the lich's attack.
Okay, then.
Your shield and orange crystal plate armour prevent you from hitting the lich.
The lich is heavily damaged.
You block the lich's attack. x2
You eat one of the 31 rations.
That ration really hit the spot!
The lich conjures a glowing orb.
The wavering orb of destruction weakly hits you!
You die...

.......#..'.......≈≈#
.......####.......≈≈#
##'##### ###'####≈≈≈
##.# #..# ...# ##.#
'##### #.## ...#.#
#..# .#.#.# ##'####
.#...+ #..@..# .###.#
+...L.# .....#
#.....# ####.#
#.....# .....#
####+## #'#### #.#
..# ###


You could see a lich.

Vanquished Creatures
  A bone dragon (Abyss:2)
  Kirke (D:15)
  A sphinx (D:14)
  A shadow dragon (D:14)
  Louise (D:15)
  An orc warlord (Orc:2)
  A deep elf demonologist (Elf:1)
  The ghost of nikopol the Eclecticist, a journeyman DEFE of Vehumet (Orc:2)
  A dire elephant (Lair:6)
  A minotaur (Lab)
  An ettin (D:14)
  The ghost of Cuyts the Cleaver, a journeyman DsGl of Makhleb (Lair:2)
  Josephine (D:12)
  2 fire dragons
  A deep elf high priest (Elf:1)
  A great orb of eyes (Depths:1)
  An ice dragon (D:15)
  A rakshasa (D:15)
  Harold (D:9)
  2 hydras
  A death knight (D:11)
  A hell beast (Depths:1)
  6 centaur warriors
  6 catoblepae
  10 two-headed ogres
  4 dancing weapons (Elf:1)
  A deep troll shaman (Lair:6)
  8 death yaks (Lair:6)
  An ogre mage (D:14)
  An orc high priest (Orc:1)
  2 hell hogs (Abyss:2)
  A thrashing horror (Abyss:2)
  Sonja (Lair:5)
  A wretched star (Abyss:2)
  A shadow wraith (Abyss:2)
  2 deep elf knights (Elf:1)
  A wizard (D:14)
  6 unseen horrors
  2 deep elf archers (Elf:1)
  A spectral hydra (Lair:2)
  3 orc knights
  21 deep elf magi
  5 oklob plants
  13 ugly things
  2 manticores (Lair:4)
  3 orc sorcerers
  6 cyclopes
  A worldbinder (Abyss:2)
  8 elephants
  An apocalypse crab (Abyss:2)
  A guardian serpent (Lair:2)
  13 black mambas
  A centaur zombie (D:11)
  Joseph (D:8)
  2 ice statues (IceCv)
  A gargoyle (D:11)
  A smoke demon (Abyss:2)
  8 spiny frogs
  An efreet (D:15)
  3 kobold demonologists (D:13)
  9 rime drakes
  2 freezing wraiths (D:11)
  7 komodo dragons
  An ice devil (Abyss:2)
  A tormentor (Abyss:2)
  An ancient zyme (Abyss:2)
  2 tengu conjurers (D:15)
  11 trolls
  2 raiju (Abyss:2)
  A polar bear (Lair:6)
  17 slime creatures
  A blink frog (shapeshifter) (D:13)
  16 blink frogs
  13 hippogriffs
  A spectral dream sheep (Lair:2)
  A meliai zombie (D:15)
  A centaur simulacrum (D:14)
  An air elemental (Elf:1)
  3 large abominations (Abyss:2)
  Sigmund (D:6)
  9 wraiths
  3 wyverns
  A vampire (D:12)
  3 water elementals
  36 yaks
  A human (D:9)
  3 basilisks
  2 chaos spawn (Abyss:2)
  3 hogs
  A neqoxec (Abyss:2)
  A hungry ghost (D:11)
  A fire elemental (Elf:1)
  7 steam dragons (Lair:5)
  3 vampire mosquitoes (Lair:3)
  8 wargs
  2 spectral spiny frogs (Lair:2)
  A soldier ant (D:13)
  2 acid dragons (D:15)
  18 water moccasins
  Purgy (Sewer)
  5 porcupines
  10 ice beasts
  Duvessa (D:6)
  An ice beast (shapeshifter) (D:15)
  4 sky beasts
  22 ogres
  44 orc warriors
  A spectral torpor snail (Lair:2)
  3 black bears
  5 phantoms
  5 starcursed masses (Abyss:2)
  13 wolves
  A necrophage (D:9)
  13 centaurs
  5 crocodiles
  11 big kobolds
  19 bullfrogs
  2 earth elementals (Elf:1)
  Dowan (D:6)
  A gnoll sergeant (D:12)
  A scorpion (D:5)
  4 small abominations (Abyss:2)
  4 wyvern skeletons
  A water moccasin skeleton (D:9)
  21 killer bees
  11 wights
  A vampire bat (Orc:1)
  3 howler monkeys
  3 electric eels
  9 crimson imps
  4 bullfrog zombies
  10 jellies
  4 quasits
  2 iron imps (Abyss:2)
  21 orc priests
  A bullfrog skeleton (D:7)
  6 hounds
  8 centaur skeletons
  9 iguanas
  34 orc wizards
  13 worker ants
  2 hound zombies (D:11)
  A hound skeleton (D:8)
  Robin (D:2)
  13 gnolls
  A river rat (D:6)
  8 adders
  6 shadow imps
  12 white imps (D:12)
  An ufetubus (Abyss:2)
  14 oozes
  An adder zombie (D:5)
  An adder skeleton (D:7)
  A worm (D:3)
  A dart slug (D:1)
  4 leopard geckos
  96 orcs
  4 ball pythons
  12 giant cockroaches
  21 goblins
  11 hobgoblins
  6 jackals
  37 kobolds
  3 quokkas
  13 bats
  3 frilled lizards
  A giant cockroach zombie (D:6)
  A jackal skeleton (D:4)
  A leopard gecko skeleton (D:5)
  A quokka skeleton (D:9)
  5 rats
  A bush (Lair:6)
  2 fungi
  5 plants
999 creatures vanquished.

Vanquished Creatures (others)
  A hell hog (Abyss:2)
  An unseen horror (D:13)
  A deep elf mage (Elf:1)
  A rime drake (Lair:5)
  2 humans (D:15)
  A wight (D:15)
  An electric eel (D:15)
  A jelly (D:13)
  16 fungi
  6 plants
31 creatures vanquished.

Grand Total: 1030 creatures vanquished

Notes
Turn   | Place    | Note
-------+----------+-------------------------------------------
     0 | D:1      | galech the Demonspawn Berserker began the quest for the Orb.
     0 | D:1      | Reached XP level 1. HP: 18/18 MP: 1/1
   395 | D:1      | Gained mutation: You are partially covered in yellow scales. (AC +2) [demonic ancestry]
   395 | D:1      | Reached XP level 2. HP: 15/24 MP: 2/2
   645 | D:1      | Reached skill level 3 in Axes
   740 | D:1      | Reached ** piety under Trog
  1106 | D:2      | Found a hide-covered altar of Uskayaw.
  1107 | D:2      | Noticed Robin
  1112 | D:2      | Reached XP level 3. HP: 29/29 MP: 3/3
  1119 | D:2      | Killed Robin
  1531 | D:2      | Found a shattered altar of Ashenzari.
  1531 | D:2      | Found a deep blue altar of Sif Muna.
  1613 | D:2      | Found a glowing silver altar of Zin.
  1613 | D:2      | Found a faded altar of an unknown god.
  1621 | D:2      | Found a white marble altar of Elyvilon.
  1623 | D:2      | Found a faded altar of an unknown god.
  1625 | D:2      | Found a sacrificial altar of Ru.
  1710 | D:2      | Reached XP level 4. HP: 35/35 MP: 4/4
  1961 | D:3      | Reached *** piety under Trog
  2000 | D:3      | Found a radiant altar of Vehumet.
  2679 | D:4      | Reached XP level 5. HP: 35/41 MP: 5/5
  2699 | D:4      | Noticed an ogre
  2744 | D:3      | Killed an ogre
  2744 | D:3      | Reached skill level 4 in Axes
  2959 | D:4      | Reached XP level 6. HP: 48/48 MP: 6/6
  2967 | D:4      | Reached skill level 5 in Axes
  3180 | D:4      | Reached XP level 7. HP: 55/55 MP: 7/7
  3585 | D:4      | Reached skill level 6 in Axes
  3585 | D:4      | Reached skill level 1 in Stealth
  3730 | D:4      | Found an iron altar of Okawaru.
  3748 | D:4      | Found a bloodstained altar of Trog.
  3887 | D:5      | Entered Level 5 of the Dungeon
  4232 | D:5      | Got a fine quarterstaff
  4312 | D:5      | Reached **** piety under Trog
  4418 | D:5      | Reached XP level 8. HP: 41/61 MP: 8/8
  4862 | D:6      | Found a glowing drain.
  4873 | D:6      | Reached skill level 7 in Axes
  4901 | Sewer    | Entered a sewer
  4948 | Sewer    | Noticed Purgy
  4959 | Sewer    | Killed Purgy
  4959 | Sewer    | Reached skill level 5 in Fighting
  4984 | Sewer    | Got an ancient ring mail
  5004 | Sewer    | Identified the +5 ring mail of Somewhere Else {rPois rN+++ Regen+ Str-3} (You found it in a sewer)
  5390 | D:6      | Reached skill level 8 in Axes
  5476 | D:6      | Noticed Sigmund
  5482 | D:6      | Killed Sigmund
  5641 | D:6      | Noticed Dowan
  5642 | D:6      | Noticed Duvessa
  5658 | D:6      | Killed Duvessa
  5658 | D:6      | Gained mutation: You are mostly covered in yellow scales. (AC +3) [demonic ancestry]
  5658 | D:6      | Reached XP level 9. HP: 59/69 MP: 9/9
  5661 | D:6      | Killed Dowan
  5674 | D:6      | Found a blossoming altar of Fedhas.
  5860 | D:7      | Noticed a cyclops
  5869 | D:7      | Killed a cyclops
  5869 | D:7      | Reached skill level 9 in Axes
  5965 | D:7      | Reached ***** piety under Trog
  6039 | D:7      | Found a staircase to the Ecumenical Temple.
  6097 | D:7      | Found Raryl's Armour Boutique.
  6187 | D:7      | Got an opalescent robe
  6198 | D:7      | Identified the +1 robe of Kunaekus {MR+ Int+3} (You found it on level 7 of the Dungeon)
  6672 | D:8      | Reached skill level 10 in Axes
  6731 | D:8      | Noticed Joseph
  6748 | D:8      | Killed Joseph
  6802 | D:8      | Gained mutation: You are completely covered in yellow scales. (AC +4, rCorr) [demonic ancestry]
  6802 | D:8      | Reached XP level 10. HP: 77/77 MP: 10/10
  6922 | D:8      | Found a hazy altar of Hepliaklqana.
  7262 | D:9      | Reached skill level 5 in Dodging
  7331 | D:9      | Found Kujamp's Jewellery Shop.
  7347 | D:9      | Reached skill level 5 in Armour
  7374 | D:9      | Noticed Harold
  7387 | D:9      | Killed Harold
  7440 | D:9      | Identified the +9 quarterstaff of Abomination {venom, +Inv MP+9 Int+4} (You found it on level 5 of the Dungeon)
  7504 | D:9      | Found a stormy altar of Qazlal.
  7551 | D:9      | Noticed a two-headed ogre
  7560 | D:9      | Killed a two-headed ogre
  7560 | D:9      | Reached skill level 11 in Axes
  8154 | D:9      | Gained mutation: When hurt, damage is shared between your health and your magic reserves. [demonic ancestry]
  8154 | D:9      | Reached XP level 11. HP: 58/85 MP: 11/11
  8292 | D:10     | Entered Level 10 of the Dungeon
  8292 | D:10     | Found Lykeg's Jewellery Boutique.
  8437 | D:10     | Noticed a two-headed ogre
  8448 | D:10     | Killed a two-headed ogre
  8448 | D:10     | Reached skill level 12 in Axes
  8454 | D:10     | Noticed an unseen horror
  8461 | D:10     | Killed an unseen horror
  8814 | D:10     | Found a staircase to the Lair.
  8870 | D:10     | Reached ****** piety under Trog
  9167 | D:11     | Noticed a two-headed ogre
  9168 | D:11     | Noticed an unseen horror
  9173 | D:11     | Killed a two-headed ogre
  9181 | D:11     | Killed an unseen horror
  9206 | D:11     | Received a gift from Trog
  9224 | D:11     | Noticed an unseen horror
  9238 | D:11     | Killed an unseen horror
  9273 | D:11     | Reached skill level 13 in Axes
  9485 | D:11     | Noticed an unseen horror
  9500 | D:11     | Killed an unseen horror
  9615 | D:11     | Found a sparkling altar of Nemelex Xobeh.
  9643 | D:11     | Found Ythastris's Armour Shoppe.
  9665 | D:11     | Noticed a death knight
  9692 | D:11     | Noticed a six-headed hydra
  9820 | D:11     | Noticed a cyan ugly thing
  9848 | Lair:1   | Entered Level 1 of the Lair of Beasts
  9999 | Lair:1   | Gained mutation: You have a pair of small horns on your head. [demonic ancestry]
  9999 | Lair:1   | Reached XP level 12. HP: 80/94 MP: 4/12
 10773 | Lair:2   | Noticed a catoblepas
 10790 | Lair:2   | Killed a catoblepas
 10790 | Lair:2   | Reached skill level 14 in Axes
 11147 | Lair:2   | Found a runed gate.
 11147 | Lair:2   | Found a runed gate.
 11147 | Lair:2   | Found a runed gate.
 11148 | Lair:2   | Noticed Cuyts's ghost (journeyman DsGl)
 11295 | Lair:2   | Found a staircase to the Snake Pit.
 12089 | Lair:3   | Found a staircase to the Swamp.
 12676 | Lair:4   | Noticed a catoblepas
 12783 | Lair:4   | Noticed a catoblepas
 12796 | Lair:3   | Killed a catoblepas
 12876 | Lair:3   | Killed a catoblepas
 12876 | Lair:3   | Reached XP level 13. HP: 50/103 MP: 1/13
 12981 | Lair:4   | Reached skill level 10 in Fighting
 13283 | Lair:4   | Reached skill level 1 in Shields
 13837 | Lair:5   | Received a gift from Trog
 14066 | Lair:5   | Reached skill level 15 in Axes
 14541 | Lair:5   | Noticed a fire dragon
 14557 | Lair:5   | Killed a fire dragon
 14876 | Lair:5   | Got a spiked scale mail
 14887 | Lair:5   | Identified the +5 scale mail "Mist" {rPois rF+ Slay+3 Stlth+} (You found it on level 5 of the Lair of Beasts)
 14975 | Lair:5   | Noticed Sonja
 14986 | Lair:5   | Killed Sonja
 15782 | Lair:5   | Reached skill level 5 in Stealth
 15810 | Lair:6   | Entered Level 6 of the Lair of Beasts
 16148 | Lair:6   | Received a gift from Trog
 16190 | Lair:6   | Found a labyrinth entrance.
 16199 | Lab      | Entered a labyrinth
 16856 | Lab      | Noticed a minotaur
 16867 | Lab      | Killed a minotaur
 16867 | Lab      | Gained mutation: You sometimes gain a little power by taking damage. [demonic ancestry]
 16867 | Lab      | Reached XP level 14. HP: 111/111 MP: 14/14
 16870 | Lab      | Identified Roxanne's Collected Works on Shifting Stones
 17458 | Lair:6   | Reached skill level 16 in Axes
 18367 | Lair:6   | Found a staircase to the Slime Pits.
 19646 | D:12     | Received a gift from Trog
 19676 | D:12     | Found a frozen archway.
 19684 | D:12     | Received a gift from Trog
 19711 | IceCv    | Entered an ice cave
 19769 | IceCv    | Found a transporter.
 19896 | IceCv    | Found a transporter.
 20236 | D:12     | Received a gift from Trog
 20239 | D:12     | Noticed Josephine
 20246 | D:12     | Killed Josephine
 20942 | D:12     | Found a staircase to the Orcish Mines.
 21010 | Orc:1    | Entered Level 1 of the Orcish Mines
 21026 | Orc:1    | Found a burning altar of Makhleb.
 21176 | Orc:1    | Reached skill level 17 in Axes
 21208 | Orc:1    | Received a gift from Trog
 21214 | Orc:1    | Got an ancient triple sword {god gift}
 21215 | Orc:1    | Identified the +1 triple sword of Icvoto {slice, Int+2} (Trog gifted it to you on level 1 of the Orcish Mines)
 21322 | Orc:2    | Entered Level 2 of the Orcish Mines
 21555 | Orc:2    | Found a runed door.
 21556 | Orc:2    | Noticed nikopol's ghost (journeyman DEFE)
 21568 | Orc:2    | Killed nikopol's ghost
 21616 | Orc:2    | Noticed an orc warlord
 21633 | Orc:2    | Gained mutation: You sometimes gain power by taking damage. [demonic ancestry]
 21633 | Orc:2    | Reached XP level 15. HP: 81/120 MP: 3/15
 21635 | Orc:2    | Killed an orc warlord
 21833 | Orc:2    | Found Etein's Assorted Antiques.
 21839 | Orc:2    | Found a staircase to the Elven Halls.
 22440 | Orc:2    | Received a gift from Trog
 23256 | Orc:2    | Found Bugoivvu's Antique Armour Shop.
 23256 | Orc:2    | Found Masole's Magic Scroll Emporium.
 23258 | Orc:2    | Found Jasashri's Antique Weapon Shoppe.
 23260 | Orc:2    | Found Nuewusab's Assorted Antiques.
 23275 | Orc:2    | Bought a scroll of teleportation for 30 gold pieces
 23275 | Orc:2    | Bought a scroll of teleportation for 30 gold pieces
 23275 | Orc:2    | Bought a scroll of identify for 20 gold pieces
 23490 | D:11     | Bought the +8 orange crystal plate armour {Archmagi, Int+3 Clar} for 1734 gold pieces
 23490 | D:11     | Found the +8 orange crystal plate armour {Archmagi, Int+3 Clar}
 24221 | D:13     | Received a gift from Trog
 24226 | D:13     | Got an ichor-stained broad axe {god gift}
 24233 | D:13     | Identified the +4 broad axe of Trog's Delight {drain, +Fly} (Trog gifted it to you on level 13 of the Dungeon)
 24319 | D:13     | Reached skill level 5 in Shields
 24830 | D:14     | Found a gate to the Vaults.
 25339 | D:14     | Found a shattered altar of Ashenzari.
 25489 | D:14     | Found a runed door.
 25489 | D:14     | Noticed a sphinx
 25489 | D:14     | Noticed a shadow dragon
 25506 | D:14     | Killed a sphinx
 25506 | D:14     | Reached skill level 18 in Axes
 25512 | D:14     | Killed a shadow dragon
 25702 | D:15     | Entered Level 15 of the Dungeon
 25988 | D:15     | Got a warped buckler
 25999 | D:15     | Identified the cursed -2 buckler "Pace Nere" {rN+ Int-5 Dex+4} (You found it on level 15 of the Dungeon)
 26094 | D:15     | Received a gift from Trog
 26119 | D:15     | Found a roughly hewn altar of Beogh.
 26143 | D:15     | Reached XP level 16. HP: 69/129 MP: 10/16
 26739 | D:15     | Found a staircase to the Depths.
 26777 | D:15     | Noticed Louise
 26786 | D:15     | Noticed Kirke
 27177 | D:15     | Cast into level 2 of the Abyss (Louise)
 27214 | Abyss:2  | Found a corrupted altar of Lugonu.
 27223 | Abyss:2  | Noticed a bone dragon
 27254 | Abyss:2  | Killed a bone dragon
 27294 | Abyss:2  | Got a shimmering leather armour
 27474 | Abyss:2  | Gained mutation: Your magical capacity is low. (-10% MP) [a neqoxec]
 27476 | Abyss:2  | Gained mutation: You do not regenerate when monsters are visible. [a neqoxec]
 27490 | Abyss:2  | Paralysed by accursed screaming for 1 turns
 27662 | Abyss:2  | Gained mutation: Your body sometimes deteriorates upon taking damage. [a neqoxec]
 27834 | D:15     | Escaped the Abyss
 27843 | D:15     | Killed Kirke
 27857 | D:15     | Killed Louise
 27857 | D:15     | Reached skill level 10 in Armour
 27868 | D:15     | Lost mutation: Your magical capacity is low. (-10% MP) [potion of mutation]
 27868 | D:15     | Lost mutation: You do not regenerate when monsters are visible. [potion of mutation]
 27868 | D:15     | Lost mutation: Your body sometimes deteriorates upon taking damage. [potion of mutation]
 27868 | D:15     | Gained mutation: Your muscles are strong. (Str +2) [potion of mutation]
 27868 | D:15     | Gained mutation: You have a pair of horns on your head. [potion of mutation]
 28769 | D:15     | Got a crude shield
 28782 | D:15     | Identified the cursed +0 shield of Paranoia {*Corrode MR+++ Int-5 Stlth+} (You found it on level 15 of the Dungeon)
 28793 | D:15     | Identified the +4 leather armour of Watchfulness {*Contam rF+ rC+ Regen+} (You found it on level 2 of the Abyss)
 28802 | D:15     | Gained mutation: You are frail. (-10% HP) [mutagenic glow]
 29006 | Lair:2   | Killed Cuyts's ghost
 29006 | Lair:2   | Received a gift from Trog
 29153 | Elf:1    | Entered Level 1 of the Elven Halls
 29154 | Elf:1    | Lost mutation: You are frail. (-10% HP) [potion of mutation]
 29154 | Elf:1    | Lost mutation: Your muscles are strong. (Str +2) [potion of mutation]
 29154 | Elf:1    | Lost mutation: You have a pair of horns on your head. [potion of mutation]
 29154 | Elf:1    | Gained mutation: Your mind is acute. (Int +2) [potion of mutation]
 29154 | Elf:1    | Gained mutation: You occasionally shout uncontrollably at your foes. [potion of mutation]
 29154 | Elf:1    | Gained mutation: You are resistant to hostile enchantments. (MR+) [potion of mutation]
 29154 | Elf:1    | Gained mutation: You evolve. [potion of mutation]
 30227 | Elf:1    | Noticed a Brimstone Fiend
 30872 | Elf:1    | Gained mutation: Your mind is very acute. (Int +4) [a neqoxec]
 32203 | Depths:1 | Entered Level 1 of the Depths
 32634 | Depths:1 | Found a one-way gate to the infinite horrors of the Abyss.
 33197 | Depths:1 | Noticed a lich
 33207 | Depths:1 | Paralysed by a lich for 7 turns
 33219 | Depths:1 | Paralysed by a lich for 3 turns
 33233 | Depths:1 | Paralysed by a lich for 6 turns
 33241 | Depths:1 | Blown up by a lich

Vault maps used:
D:1:      kennysheep_arrival_seaside, dk_noncrumbling_4, minmay_misc_feat_doors,
          grunt_decor_arrowhead, minmay_misc_feat_pillars
D:2:      chequers_temple_overflow_minitemple, eat_drink_and_be_merry_uskayaw,
          gammafunk_temple_overflow_elements, first_ration, uniq_robin
D:3:      vehumet_crystals, moated_statue
D:4:      kennysheep_mini, trog_hazing_becter
D:5:      minmay_misc_feat_diagonals
D:6:      portal_sewer_entry_b, serial_glass, glass_columns_a, glass_columns_b,
          glass_columns_c, glass_columns_b, glass_columns_a, glass_columns_b,
          fedhas_altar_4, uniq_sigmund, uniq_duvessa
D:7:      minmay_temple_entry_mist, serial_shops, shop
D:8:      nicolae_overflow_crystal_walls, uniq_joseph
D:9:      lemuel_doored_altar, serial_shops, shop, grunt_livestock, uniq_harold
D:10:     lair_entry_dummy, serial_shops,
          nicolae_shop_temple_entry_statues_fountains, st_stairs_13
D:11:     serial_shops, shop, nemelex_altar_shiori
D:12:     kennysheep_orc_monster_closet_entryway, portal_ice_cave_entry_imps,
          kennysheep_generic_room_9, uniq_josephine
D:13:     lemuel_slime
D:14:     david_vaults_2, nicolae_ashenzari_panopticon, kennysheep_treasure_room
D:15:     grunt_enter_depths_hoard, serial_park_tiny_pond, special_room,
          uniq_kirke, uniq_louise
Lair:1:   st_stairs_11, patterned_corridor
Lair:2:   minmay_snake_entry_spellcaster, gammafunk_ghost_necromancy
Lair:3:   minmay_swamp_entry_swarm
Lair:4:   nzn_motion_control, minmay_lair_oklob_chamber,
          infiniplex_staircase_pool
Lair:5:   beast_lair_carwin_large_4, bobbens_dragon_lair_wall, uniq_sonja
Lair:6:   grunt_lair_end_beastmaster, slime_dummy, lab_entry_generic,
          serial_bayou_pond_a, minmay_lair_oklob_bushes, serial_bayou_shore_b
Orc:1:    basic_altar, roderic_batcave, nooodl_orcs_dogs
Orc:2:    st_orc_rangers, special_room, serial_shops,
          nicolae_shop_window_shopping, ebering_ghost_inner_flame
Elf:1:    eino_elf_arrival_customs, hangedman_elf_represent
Depths:1: grunt_mini_vestibule, serial_shops, kennysheep_little_box,
          minmay_crystal_water, abyss_entry, minmay_item_behind_shaft,
          grunt_decor_fettered, kennysheep_generic_room_10
Abyss:2:  bh_abyss_exit_choice
Lab:      labyrinth_spiral
Sewer:    sewer_the_crocodile
IceCv:    ice_cave_statue_garden_transporter

Skill      XL: |  1  2  3  4  5  6  7  8  9 10 11 12 13 14 15 16 |
---------------+-------------------------------------------------+-----
Armour         | 2 3 4 5 6 7 8 9 10 | 10.6
Dodging        | 2 3 4 5 6 7 8 |  8.8
Axes           | 3 4 5 6 8 10 11 13 14 15 17 18 | 18.6
Fighting       | 4 5 6 7 8 9 10 11 12 13 | 13.7
Stealth        | 1 2 3 4 5 |  5.6
Shields        | 3 6 8 |  8.4
Unarmed Combat | |  0.6

Action                   |  1- 3 |  4- 6 |  7- 9 | 10-12 | 13-15 | 16-18 || total
-------------------------+-------+-------+-------+-------+-------+-------++-------
Melee: Hand axe          |   104 |       |       |       |       |       ||   104
       War axe           |     7 |   114 |    48 |       |       |       ||   169
       Battleaxe         |       |       |   358 |   376 |   418 |       ||  1152
       Broad axe         |       |       |       |   426 |   829 |   636 ||  1891
       Headbutt          |       |       |       |    68 |   324 |   190 ||   582
       Executioner's axe |       |       |       |       |       |    62 ||    62
       Unarmed           |       |       |       |       |       |     4 ||     4
Invok: Berserk           |     2 |     4 |     9 |    18 |    28 |    20 ||    81
       Trog's Hand       |       |     1 |     3 |     2 |    15 |    23 ||    44
       Brothers in Arms  |       |       |       |       |     1 |     2 ||     3
  Use: Potion            |       |     1 |       |     1 |     1 |    15 ||    18
       Scroll            |       |       |     7 |    10 |    20 |    15 ||    52
 Stab: Sleeping          |       |     1 |       |    19 |    18 |       ||    38
       Distracted        |       |       |       |     1 |     4 |       ||     5
       Petrified         |       |       |       |       |     1 |       ||     1
  Eat: Chunk             |     4 |     6 |    18 |    29 |    49 |     9 ||   115
       Ration            |       |     1 |     1 |     3 |     8 |    13 ||    26
Armor: Leather armour    |    23 |       |       |       |       |       ||    23
       Animal skin       |    18 |    37 |       |       |       |       ||    55
       Chain mail        |       |       |    99 |       |       |       ||    99
       Ring mail         |       |       |   154 |   370 |    83 |       ||   607
       Scale mail        |       |       |       |       |   256 |       ||   256
       Crystal plate arm |       |       |       |       |   207 |   684 ||   891
Dodge: Dodged            |    76 |   112 |   287 |   596 |   523 |    65 ||  1659
Block: Large shield      |       |       |       |    21 |   709 |   636 ||  1366

Table legend:
 A = Non-vault XP
 B = Vault XP
 C = Vault XP percentage of total XP
 D = Non-vault monster count
 E = Vault monster count
 F = Vault count percentage of total count
                 A         B        C        D         E       F
            +---------+---------+-------+---------+---------+-------
      Total |  137706 |   69623 |  33.6 |     707 |     288 |  28.9
            +---------+---------+-------+---------+---------+-------
        D:1 |      35 |       0 |   0.0 |      20 |       0 |   0.0
        D:2 |      48 |      34 |  41.5 |      24 |      11 |  31.4
        D:3 |     216 |       0 |   0.0 |      20 |       0 |   0.0
        D:4 |     719 |      12 |   1.6 |      22 |       6 |  21.4
        D:5 |     387 |       0 |   0.0 |       9 |       0 |   0.0
        D:6 |     927 |     460 |  33.2 |      25 |      11 |  30.6
        D:7 |    1321 |       0 |   0.0 |      23 |       0 |   0.0
        D:8 |    1037 |     430 |  29.3 |      26 |       1 |   3.7
        D:9 |    3406 |    1943 |  36.3 |      35 |       6 |  14.6
       D:10 |    4175 |      40 |   0.9 |      42 |       1 |   2.3
       D:11 |   10426 |       0 |   0.0 |      43 |       0 |   0.0
       D:12 |    9692 |    3208 |  24.9 |      43 |      37 |  46.2
       D:13 |   11872 |     620 |   5.0 |      52 |      20 |  27.8
       D:14 |    9158 |    7700 |  45.7 |      32 |       7 |  17.9
       D:15 |   12004 |    7336 |  37.9 |      30 |      29 |  49.2
     Lair:1 |    2832 |     281 |   9.0 |      10 |       1 |   9.1
     Lair:2 |    5997 |    2928 |  32.8 |      20 |       7 |  25.9
     Lair:3 |    4525 |    2463 |  35.2 |      23 |       5 |  17.9
     Lair:4 |     635 |    4108 |  86.6 |       3 |      10 |  76.9
     Lair:5 |    4970 |    9364 |  65.3 |      19 |      30 |  61.2
     Lair:6 |   13307 |    8887 |  40.0 |      37 |      18 |  32.7
      Orc:1 |    3366 |    1166 |  25.7 |      26 |      19 |  42.2
      Orc:2 |    6132 |    5485 |  47.2 |      59 |      39 |  39.8
      Elf:1 |   12559 |    8142 |  39.3 |      23 |      12 |  34.3
   Depths:1 |    3092 |     941 |  23.3 |       5 |       1 |  16.7
    Abyss:2 |   14868 |       0 |   0.0 |      36 |       0 |   0.0
        Lab |       0 |    1184 | 100.0 |       0 |       1 | 100.0
      Sewer |       0 |     150 | 100.0 |       0 |       6 | 100.0
      IceCv |       0 |    2741 | 100.0 |       0 |      10 | 100.0
            +---------+---------+-------+---------+---------+-------
